 Dungeon Crawl Stone Soup version 0.27-a0-1597-ge58577e147 (webtiles) character file.

Game seed: 5958562326748801384

11578 DocSulfur the Grappler (level 11, -11/113 HPs)
             Began as a Troll Hunter on July 21, 2021.
             Was a Follower of Ru.
             Mangled by a two-headed ogre (26 damage)
             ... on level 9 of the Dungeon.
             The game lasted 00:29:25 (9033 turns).

DocSulfur the Grappler (Troll Hunter)               Turns: 9033, Time: 00:29:25

Health: -11/113    AC: 10    Str: 25    XL:     11   Next: 51%
Magic:  10/10      EV: 11    Int:  7    God:    Ru [*.....]
Gold:   599        SH:  0    Dex: 10    Spells: 10/10 levels left

rFire    . . .     SeeInvis +     - Unarmed
rCold    . . .     Faith    .   (no shield)
rNeg     . . .     Spirit   .   m - +2 robe {Will+}
rPois    .         Reflect  .   (helmet restricted)
rElec    .         Harm     .   (no cloak)
rCorr    .         Rampage  .   (gloves unavailable)
Will     +....                  (boots unavailable)
Stlth    +.........             D - amulet of magic regeneration
HPRegen  1.28/turn              h - ring of see invisible
MPRegen  0.37/turn              u - +4 ring of protection

@: no status effects
A: large, unfitting armour, claws 3, regeneration 1, shaggy fur 1, tough skin 1,
no conjurations magic, no fire magic, no transmutations magic, disrupted magic 1
a: Renounce Religion


You were on level 9 of the Dungeon.
You worshipped Ru.
Ru was aware of your devotion.
You visited 3 branches of the dungeon, and saw 13 of its levels.

You collected 599 gold pieces.

Inventory:

Missiles
 d - 2 throwing nets
 r - 96 poisoned darts
 x - 9 boomerangs
 M - a large rock (quivered)
Armour
 l - +0 steam dragon scales
 m - a +2 robe of willpower (worn)
 y - a +2 robe of fire resistance
 B - a +0 kite shield
Jewellery
 h - a ring of see invisible (left claw)
 t - a ring of protection from cold
 u - a +4 ring of protection (right claw)
 D - an amulet of magic regeneration (around neck)
Wands
 a - a wand of mindburst (12)
 C - a wand of iceblast (24)
 G - a wand of paralysis (7)
 H - a wand of flame (22)
Scrolls
 c - a scroll of summoning {unknown}
 f - 4 scrolls of teleportation
 i - 2 scrolls of fog {unknown}
 n - 7 scrolls of magic mapping
 o - a scroll of enchant weapon {unknown}
 q - 2 scrolls of enchant armour {unknown}
 w - 2 scrolls of vulnerability {unknown}
 A - 2 scrolls of fear {unknown}
 F - 2 scrolls of immolation {unknown}
 I - 2 scrolls of noise {unknown}
 J - a scroll of holy word {unknown}
 L - a scroll of identify
Potions
 b - 3 potions of lignification
 e - 3 potions of flight
 g - 5 potions of heal wounds
 j - 2 potions of haste
 k - 3 potions of mutation
 p - a potion of attraction {unknown}
 s - a potion of ambrosia {unknown}
 v - 2 potions of invisibility
 z - a potion of might {unknown}
 E - 2 potions of curing {unknown}
 N - a potion of cancellation {unknown}


   Skills:
 * Level 8.3 Fighting
 - Level 10.0 Throwing
 + Level 6.0 Dodging
 - Level 0.3 Stealth
 - Level 10.0 Unarmed Combat


You had 10 spell levels left.
You didn't know any spells.
Your spell library contained the following spells:

 Spells                   Type           Power      Damage    Failure   Level
 Call Imp                 Summ           0%         N/A       65%         2
 Corpse Rot               Necr/Air       N/A        N/A       65%         2
 Dispel Undead            Necr           0%         3d6       99%         4
 Death Channel            Necr           0%         N/A       100%        6
 Magic Dart               Conj           Unusable   1d3       N/A         1
 Conjure Flame            Conj/Fire      Unusable   6-21      N/A         3
 Ignite Poison            Fire/Tmut/Pois Unusable   N/A       N/A         3
 Mephitic Cloud           Conj/Pois/Air  Unusable   N/A       N/A         3
 Sticky Flame             Conj/Fire      Unusable   2d3       N/A         4

Dungeon Overview and Level Annotations

Branches:
Dungeon (11/15)            Temple (1/1) D:6            Lair (1/6) D:9
    Orc: D:9-12

Altars:
Ashenzari
Cheibriados
Dithmenos
Elyvilon
Fedhas
Gozag
Hepliaklqana
Kikubaaqudgha
Makhleb
Nemelex Xobeh
Okawaru
Qazlal
Ru
Sif Muna
Trog
Uskayaw
Vehumet
Wu Jian
Xom
Yredelemnul
Zin
The Shining One

Shops:
D:6 (

Annotations:
D:9 1 runed translucent door


Innate Abilities, Weirdness & Mutations

You are too large for most types of armour.
You have claws for hands.
Your natural rate of healing is unusually fast.
You are covered in fur. (AC +1)
You have tough skin. (AC +1)
You cannot study or cast Conjurations magic.
You cannot study or cast Fire magic.
You cannot study or cast Transmutations magic.
Your casting is slightly disrupted.


Message History

You mangle the killer bee!!
You kill the killer bee!
You feel sick.
You feel sick.
The two-headed ogre hits you with a +0 giant spiked club.
The two-headed ogre hits you with a +0 giant club!!
You see here a killer bee corpse.
You feel sick.
The two-headed ogre hits you with a +0 giant spiked club!!
The two-headed ogre hits you with a +0 giant club!
You feel sick.
Throw: 9 boomerangs
Press: ? - help, Q - select action, (/) - cycle Shift-Dir - straight line, f - two-headed ogre
Aim: a two-headed ogre, wielding a +0 giant spiked club and a +0 giant club (79% to hit)
Okay, then.
Throw: dart (curare)
Press: ? - help, Q - select action, (/) - cycle Shift-Dir - straight line, f - two-headed ogre
Aim: a two-headed ogre, wielding a +0 giant spiked club and a +0 giant club (79% to hit)
You throw a curare-tipped dart.
The curare-tipped dart hits the two-headed ogre.
The two-headed ogre is poisoned.
The two-headed ogre convulses.
The two-headed ogre seems to slow down.
The two-headed ogre is lightly wounded.
You feel sick.
You feel sick.
You feel sick.
You feel sick.
You feel sick.
You are no longer poisoned.
Throw: 2 large rocks
Press: ? - help, Q - select action, (/) - cycle Shift-Dir - straight line, f/p - two-headed ogre
Aim: a two-headed ogre, wielding a +0 giant spiked club and a +0 giant club (moderately wounded, poisoned, slow, 79% to hit)
You throw a large rock.
The large rock barely misses the two-headed ogre.
You closely miss the two-headed ogre.
The two-headed ogre is moderately wounded.
The two-headed ogre hits you with a +0 giant spiked club!!
* * * LOW HITPOINT WARNING * * *
The two-headed ogre hits you with a +0 giant club!!
You die...

..#.#.#
#####.#####.##..#.#
....#.#
#.....##(..†#####.#
....#.#
#.######....(.....#
....#.# #...#
#....#######
....#.#####.#
#....#
....#.......#
#....#
...)#.#######
#....# ......#
#O...# ###...#
#@...# ###..>#
#....# ......#
###### ......#
......# ......#
......# ......#
#######


You could see a two-headed ogre (poisoned, slow).

Vanquished Creatures
  A two-headed ogre (D:6)
  A tengu warrior (D:8)
  A cane toad (Lair:1)
  3 komodo dragons
  A troll (D:9)
  A polar bear (Lair:1)
  Grinder (D:6)
  Sigmund (D:2)
  A wyvern (D:8)
  3 hogs (D:8)
  A human (D:8)
  19 yaks
  2 steam dragons
  4 water moccasins
  3 ice beasts
  3 orc warriors
  Purgy (D:3)
  A black bear (D:5)
  2 necrophages
  A sky beast (D:5)
  An ogre (D:6)
  4 centaurs
  3 kobold brigands
  2 bullfrogs
  2 scorpions
  6 killer bees (D:9)
  10 wights
  6 howler monkeys
  5 centaur zombies
  2 jellies
  An orc priest (D:6)
  A gnoll shaman (D:6)
  A bullfrog skeleton (D:6)
  4 hounds
  4 iguanas
  Natasha (thrice) (D:3)
  Terence (D:3)
  6 orc wizards
  A killer bee zombie (D:7)
  2 hound skeletons (D:4)
  Robin (D:2)
  2 howler monkey zombies (D:8)
  8 gnolls
  8 adders
  A shadow imp (D:7)
  2 white imps
  2 ufetubi
  An adder skeleton (D:4)
  5 worms
  A dart slug (D:3)
  11 orcs
  4 endoplasms
  3 giant cockroaches
  14 goblins
  12 hobgoblins
  3 jackals (D:5)
  2 quokkas
  7 ball pythons
  3 bats
  3 frilled lizards
  19 kobolds
  10 rats
238 creatures vanquished.

Vanquished Creatures (others)
  An endoplasm (D:3)
  3 fungi (Lair:1)
  18 plants
22 creatures vanquished.

Grand Total: 260 creatures vanquished

Notes
Turn   | Place    | Note
-------+----------+-------------------------------------------
     0 | D:1      | DocSulfur the Troll Hunter began the quest for the Orb.
     0 | D:1      | Reached XP level 1. HP: 19/19 MP: 0/0
    70 | D:3      | Noticed an orc wizard
    88 | D:2      | Reached skill level 1 in Unarmed Combat
   108 | D:2      | Reached XP level 2. HP: 11/27 MP: 1/1
   422 | D:2      | Identified the +0 helmet "Inwyasha" {Rampage *Corrode rF+
                  | MP+9}
   422 | D:2      | Noticed Robin
   430 | D:2      | Reached XP level 3. HP: 33/33 MP: 2/2
   795 | D:1      | Found a faded altar of an unknown god.
   886 | D:1      | Reached XP level 4. HP: 41/41 MP: 3/3
  1178 | D:2      | Killed Robin
  1221 | D:2      | Noticed Sigmund
  1232 | D:2      | Killed Sigmund
  1233 | D:2      | Reached XP level 5. HP: 34/48 MP: 4/4
  1739 | D:3      | Reached XP level 6. HP: 48/55 MP: 5/5
  1775 | D:3      | Noticed Purgy
  1803 | D:3      | Killed Purgy
  1804 | D:3      | Reached skill level 5 in Throwing
  1804 | D:3      | Reached skill level 5 in Unarmed Combat
  2040 | D:3      | Noticed Natasha
  2054 | D:3      | Killed Natasha
  2207 | D:3      | Noticed Natasha
  2214 | D:3      | Killed Natasha
  2335 | D:3      | Noticed Natasha
  2340 | D:3      | Killed Natasha
  2462 | D:3      | Noticed Terence
  2469 | D:3      | Killed Terence
  2567 | D:4      | Reached XP level 7. HP: 58/62 MP: 6/6
  2580 | D:5      | Entered Level 5 of the Dungeon
  2756 | D:5      | Reached XP level 8. HP: 67/70 MP: 7/7
  3228 | D:4      | Found a broken altar of Ashenzari.
  4009 | D:5      | Identified the +1 robe of the Blue Moon {*Slow rN+ Str+3
                  | Stlth+}
  4329 | D:6      | Noticed a two-headed ogre
  4333 | D:6      | Killed a two-headed ogre
  4334 | D:6      | Reached skill level 10 in Unarmed Combat
  4334 | D:6      | Reached XP level 9. HP: 76/76 MP: 8/8
  4624 | D:6      | Found a staircase to the Ecumenical Temple.
  4718 | D:6      | Found Yharhuhe's Antique Weapon Emporium.
  4723 | D:6      | Noticed Grinder
  4732 | D:6      | Killed Grinder
  5112 | Temple   | Entered the Ecumenical Temple
  5149 | Temple   | Became a worshipper of Ru the Awakened
  5823 | D:7      | Reached skill level 10 in Throwing
  5959 | D:7      | Reached XP level 10. HP: 75/87 MP: 9/9
  6851 | D:8      | Gained mutation: You cannot study or cast Fire magic. [Ru
                  | sacrifice]
  6851 | D:8      | Gained mutation: You cannot study or cast Transmutations
                  | magic. [Ru sacrifice]
  6851 | D:8      | Gained mutation: You cannot study or cast Conjurations
                  | magic. [Ru sacrifice]
  6851 | D:8      | Reached * piety under Ru
  6926 | D:8      | Noticed a tengu warrior
  6936 | D:8      | Killed a tengu warrior
  6937 | D:8      | Reached skill level 5 in Fighting
  7556 | D:9      | Found a staircase to the Lair.
  7680 | D:9      | Reached XP level 11. HP: 65/107 MP: 10/10
  7691 | D:9      | Noticed a two-headed ogre
  7730 | D:10     | Entered Level 10 of the Dungeon
  7826 | D:10     | Reached skill level 5 in Dodging
  7878 | Lair:1   | Entered Level 1 of the Lair of Beasts
  8059 | Lair:1   | Identified the +0 pair of gloves of the Other Side {rF++
                  | rCorr MP+9}
  8452 | Lair:1   | Noticed a six-headed hydra
  8825 | D:9      | Gained mutation: Your casting is slightly disrupted. [Ru
                  | sacrifice]
  8863 | D:9      | Found a runed translucent door.
  9033 | D:9      | Mangled by a two-headed ogre

Illustrated notes

Levels and vault maps discovered:
D:1:      dpeg_arrival_orchard, layout_loops_ring,
          shapermc_ecumenical_altar_petra
D:2:      layout_basic, minmay_tromino_mix6, uniq_robin, uniq_sigmund
D:3:      layout_loops_ring, chequers_avenue, lemuel_old_faithful, uniq_natasha,
          uniq_terence, uniq_purgy
D:4:      layout_loops_ring, nicolae_ashenzari_skybound
D:5:      layout_basic, dk_noncrumbling_2
D:6:      layout_loops_corners, minmay_temple_entry_gardened_gates,
          serial_shops, nicolae_shop_behind_doors, hangedman_decor_riveting,
          uniq_grinder
D:7:      layout_loops_corners, minmay_chambers_of_fives
D:8:      hangedman_cross_stitches, layout_rooms, grunt_livestock,
          hangedman_decor_lopped, lemuel_flamethrower_2
D:9:      gammafunk_indiana_jones, layout_basic, david_lair_shrubbed
D:10:     layout_long_grid
D:11:     layout_basic, gammafunk_ghost_arena, minmay_st_funbox,
          minmay_guarded_unrand_resistance
Temple:   nicolae_temple_the_god_donut
Lair:1:   layout_chaotic_city, grunt_megastairs_4

Skill      XL: |  1  2  3  4  5  6  7  8  9 10 11 |
---------------+----------------------------------+-----
Unarmed Combat | 1 2 4 5 7 10 | 10.0
Throwing       | 4 5 6 7 10 | 10.0
Fighting       | 2 6 8 |  8.3
Dodging        | 2 4 6 |  6.0
Stealth        | |  0.3

Action                   |  1- 3 |  4- 6 |  7- 9 | 10-12 || total
-------------------------+-------+-------+-------+-------++-------
Melee: Unarmed           |   128 |   112 |   309 |   301 ||   850
       Short sword       |     5 |       |       |       ||     5
       Punch             |     1 |       |    11 |    15 ||    27
Throw: Large rock        |       |     6 |    11 |     7 ||    24
       Throwing net      |       |     2 |       |       ||     2
       Boomerang         |       |       |       |    12 ||    12
       Dart              |       |       |       |     1 ||     1
Invok: Sacrifice Arcana  |       |       |       |     1 ||     1
       Sacrifice Essence |       |       |       |     1 ||     1
Evoke: Wand              |       |       |       |     5 ||     5
  Use: Scroll            |       |     1 |     2 |     7 ||    10
       Potion            |       |     1 |       |       ||     1
 Stab: Sleeping          |     1 |     1 |     1 |     1 ||     4
       Distracted        |       |       |       |     1 ||     1
Armor: Robe              |    54 |    29 |   147 |   119 ||   349
Dodge: Dodged            |    61 |    45 |   114 |   134 ||   354

Table legend: (Time is in decaauts)
 A = Elapsed time spent in this place.
 B = Non-inter-level travel time spent in this place.
 C = Inter-level travel time spent in this place.
 D = Time resting spent in this place.
 E = Time spent auto-exploring this place.
 F = Levels seen in this place.
 G = Mean time per level.
                   A        B        C        D        E       F      G
               +--------+--------+--------+--------+--------+-----+--------+
         Total |   8949 |   8537 |    412 |      0 |   4261 |  13 |  688.4 |
       Dungeon |   7986 |   7582 |    404 |      0 |   3949 |  11 |  726.0 |
        Temple |    274 |    266 |      8 |      0 |    221 |   1 |  274.0 |
          Lair |    687 |    687 |      0 |      0 |     91 |   1 |  687.0 |
               +--------+--------+--------+--------+--------+-----+--------+

Top non-repeatable levels by time:
     D:7: 1160 daAuts
     D:2: 1032 daAuts
     D:6: 967 daAuts
     D:4: 904 daAuts
     D:3: 876 daAuts
     D:8: 805 daAuts
     D:9: 753 daAuts
     D:5: 742 daAuts
  Lair:1: 687 daAuts
     D:1: 642 daAuts
  Temple: 274 daAuts
    D:10: 99 daAuts
    D:11: 1 daAuts
